 Dungeon Crawl Stone Soup version 0.26-a0-712-ga5a9c9c9d0 (webtiles) character file.

Game seed: 2787729158434585735

(classic levelgen) 51412 EnegeticOcto the Cleaver (level 14, -11/129 HPs)
             Began as a Deep Dwarf Fighter on Nov 4, 2020.
             Was the Champion of Makhleb.
             Mangled by a shock serpent (13 damage)
             ... on level 2 of the Snake Pit.
             The game lasted 00:08:26 (11277 turns).

EnegeticOcto the Cleaver (Deep Dwarf Fighter)      Turns: 11277, Time: 00:08:27

Health: -11/129    AC: 22    Str: 26    XL:     14   Next: 23%
Magic:  2/2        EV:  8    Int:  8    God:    Makhleb [******]
Gold:   834        SH: 13    Dex: 12    Spells: 13/13 levels left

rFire    + . .     SeeInvis .   y - +9 war axe (freeze)
rCold    + . .     Faith    .   c - +0 kite shield
rNeg     + . .     Spirit   .   x - +0 plate armour
rPois    +         Reflect  .   j - +0 helmet
rElec    .         Harm     .   w - +1 cloak {rPois}
rCorr    .         Rampage  .   (no gloves)
MR       ++...                  E - +2 pair of boots
Stlth    ..........             F - amulet of the acrobat
HPRegen  0.00/turn              r - ring of protection from fire
MPRegen  0.08/turn              u - ring of protection from cold

@: lethally poisoned (-11 -> -11), non-regenerating
A: damage resistance, heal wounds, negative energy resistance 1, sense
surroundings 2, no regeneration
a: Heal Wounds, Minor Destruction, Lesser Servant of Makhleb, Major Destruction,
Greater Servant of Makhleb, Renounce Religion


You were on level 2 of the Snake Pit.
You worshipped Makhleb.
Makhleb was exalted by your worship.
You visited 4 branches of the dungeon, and saw 21 of its levels.
You also visited: Ossuary.

You collected 1243 gold pieces.
You spent 409 gold pieces at shops.

Inventory:

Hand Weapons
 y - a +9 war axe of freezing (weapon)
Armour
 c - a +0 kite shield (worn)
 j - a +0 helmet (worn)
 w - a +1 cloak of poison resistance (worn)
 x - a +0 plate armour (worn)
 E - a +2 pair of boots (worn)
Jewellery
 r - a ring of protection from fire (left hand)
 u - a ring of protection from cold (right hand)
 v - an uncursed ring of resist corrosion
 F - an amulet of the acrobat (around neck)
Wands
 b - a wand of iceblast (21) {@v2}
 f - a wand of digging (6) {@v3}
 h - a wand of acid (10) {@v1}
 s - a wand of disintegration (32)
Scrolls
 a - a scroll of identify {@r1}
 e - 5 scrolls of remove curse {@r2}
 g - 5 scrolls of teleportation {@r3}
 i - a scroll of brand weapon
 l - 2 scrolls of fear
 q - 5 scrolls of fog
 B - a scroll of magic mapping {@r5}
Potions
 d - 3 potions of might {@q3}
 k - 4 potions of mutation
 m - 5 potions of haste {@q4}
 n - 6 potions of heal wounds {@q2}
 o - 8 potions of curing {@q1}
 p - 3 potions of magic
 z - 2 potions of brilliance
 A - 3 potions of cancellation
 C - 2 potions of resistance {@q5}
 D - a potion of flight
Miscellaneous
 t - a box of beasts (3/3)


   Skills:
 + Level 9.6 Fighting
 * Level 14.7 Axes
 + Level 11.2 Armour
 + Level 2.0 Dodging
 + Level 11.2 Shields
 * Level 13.9 Invocations
 + Level 7.3 Evocations


You had 13 spell levels left.
You didn't know any spells.
Your spell library was empty.

Dungeon Overview and Level Annotations

Branches:
Dungeon (13/15)            Temple (1/1) D:7            Lair (5/6) D:10
 Shoals (0/4) Lair:3        Snake (2/4) Lair:2          Orc (0/2) D:10
 Vaults (0/5) D:13        Ossuary (visited)
  Slime: Lair:5-6

Altars:
Ashenzari
Cheibriados
Elyvilon
Fedhas
Gozag
Hepliaklqana
Kikubaaqudgha
Makhleb
Nemelex Xobeh
Okawaru
Qazlal
Ru
Sif Muna
Trog
Uskayaw
Vehumet
Wu Jian
Xom
Yredelemnul
Zin
The Shining One
Beogh

Shops:
D:4 [   D:8 }}   D:9 (

Annotations:
D:7 1 runed translucent door
Snake:2 1 runed translucent door


Innate Abilities, Weirdness & Mutations

You are resistant to damage.
You can heal yourself by infusing magical energy.
You resist negative energy. (rN+)
You passively map the area around you.
You do not regenerate.


Message History

The naga sharpshooter magically shoots an arrow.
The arrow hits you!
The naga sharpshooter casts a spell.
The naga sharpshooter magically shoots an arrow.
You block the arrow. You block the shock serpent's attack.
The black mamba bites you.
You hit the naga sharpshooter. You freeze the naga sharpshooter.
The naga sharpshooter is moderately wounded.
You miss the shock serpent. You slice the black mamba!!
You freeze the black mamba!
The naga sharpshooter mumbles some strange words.
The naga sharpshooter magically shoots an arrow.
You block the arrow. You block the black mamba's attack.
The shock serpent bites you. The shock serpent shocks you!
The naga sharpshooter mumbles some strange words.
The naga sharpshooter magically shoots an arrow.
The arrow hits you but does no damage.
You are too injured to fight recklessly!
You are too injured to fight recklessly!
You are too injured to fight recklessly!
You are too injured to fight recklessly!
You are too injured to fight recklessly!
You are too injured to fight recklessly!
You are too injured to fight recklessly!
You are too injured to fight recklessly!
You are too injured to fight recklessly!
You are too injured to fight recklessly!
You are too injured to fight recklessly!
You are too injured to fight recklessly!
You are too injured to fight recklessly!
You are too injured to fight recklessly!
You are too injured to fight recklessly!
You are too injured to fight recklessly!
You are too injured to fight recklessly!
You are too injured to fight recklessly!
You are too injured to fight recklessly!
You are too injured to fight recklessly!
You feel much better. The black mamba bites you.
The shock serpent shoots out a bolt of lightning at you!
The bolt of electricity hits you!!
The naga sharpshooter shoots an arrow.
The arrow hits you. You block the black mamba's attack.
You closely miss the shock serpent.
The shock serpent is moderately wounded.
You hit the naga sharpshooter. You freeze the naga sharpshooter.
You slash the black mamba! You freeze the black mamba.
You kill the black mamba!
Makhleb accepts your kill.
You feel better. The shock serpent closely misses you.
Your plate armour prevents you from hitting the shock serpent.
The shock serpent is moderately wounded.
You closely miss the naga sharpshooter.
The shock serpent bites you but does no damage.
The naga sharpshooter shoots an arrow.
The arrow hits you.
The naga sharpshooter shoots an arrow.
The arrow hits you! You block the shock serpent's attack.
Your magical essence is drained by the effort!
You feel much better.
The shock serpent shoots out a bolt of lightning at you!
The bolt of electricity hits you!!
The naga sharpshooter spits poison at you.
The splash of poison hits you but does no damage.
You are more poisoned.
You resist.
The naga sharpshooter spits poison at you.
The splash of poison misses you.
You hit the shock serpent. You freeze the shock serpent.
The shock serpent is heavily wounded.
You slash the naga sharpshooter! You freeze the naga sharpshooter.
The shock serpent's electric aura discharges, shocking you!
The shock serpent bites you. The shock serpent shocks you!
* * * LOW HITPOINT WARNING * * *
The naga sharpshooter shoots an arrow.
The arrow hits you!
* * * LOW HITPOINT WARNING * * *
The naga sharpshooter shoots an arrow.
The arrow hits you!
* * * LOW HITPOINT WARNING * * *
You miss the shock serpent.
The shock serpent is heavily wounded.
You slash the naga sharpshooter! You freeze the naga sharpshooter.
You block the shock serpent's attack.
The naga sharpshooter shoots an arrow.
The arrow hits you.
You hit the shock serpent. You freeze the shock serpent.
The shock serpent is heavily wounded.
You closely miss the naga sharpshooter. You slash the naga sharpshooter!
You freeze the naga sharpshooter. You block the shock serpent's attack.
You slash the shock serpent! You freeze the shock serpent.
The shock serpent is severely wounded.
You closely miss the naga sharpshooter.
The shock serpent's electric aura discharges, shocking you!
You slash the naga sharpshooter! You freeze the naga sharpshooter.
The shock serpent shoots out a bolt of lightning at you!
The bolt of electricity hits you!
* * * LOW HITPOINT WARNING * * *
The naga sharpshooter shoots an arrow.
You block the arrow.
The naga sharpshooter unwields a +0 shortbow.
The naga sharpshooter wields a +0 halberd.
You block the naga sharpshooter's attack. x2
The shock serpent bites you.
* * * LOW HITPOINT WARNING * * *
The shock serpent shocks you!
You die...

##.....)..).........* ,
##....................** **
#....................##* ,*
,* ......................#*
**,
......................#, ,
..............$.......#. ,
..........#.............* ,
, *
..........##....†N.....# ,*
*
...........#.#.(@N....#**,*
........≈###+###≈S...## *
##......##


NSS ##....... ,, ##.....#,.... *.>...). * ###...#......, #......* * *
###.##$....* *##.... #≈###+ * ###., ,*, ≈≈8*, ** , ≈ , * * You could see 2 naga
sharpshooters and a shock serpent.

Vanquished Creatures
  Snorg (Lair:5)
  Erolcha (D:13)
  Josephine (D:10)
  4 vault guards (D:13)
  2 boulder beetles
  3 naga warriors
  A centaur warrior (D:13)
  2 two-headed ogres
  2 naga sharpshooters
  Nergalle (Lair:3)
  Urug (D:10)
  An unseen horror (D:13)
  A naga ritualist (Snake:1)
  An oklob plant (D:8)
  3 manticores
  A mana viper (Snake:1)
  Maurice (D:11)
  2 guardian serpents
  4 naga magi
  A salamander (Snake:1)
  A torpor snail (Lair:3)
  11 black mambas
  16 elephants
  6 cane toads
  6 komodo dragons
  A queen bee (shapeshifter) (D:13)
  5 trolls
  3 blink frogs (Lair:5)
  A slime creature (D:13)
  2 shadows (D:11)
  27 yaks
  7 wyverns
  6 wraiths
  2 basilisks (D:13)
  Menkaure (D:5)
  16 nagas
  15 water moccasins
  An acid dragon (D:12)
  9 orc warriors
  2 black bears (D:10)
  3 ice beasts
  2 sky beasts
  4 wolves (Lair:4)
  9 centaurs
  10 ogres
  A big kobold (D:7)
  17 bullfrogs
  A water moccasin zombie (D:10)
  9 scorpions
  3 killer bees (D:7)
  14 wights
  4 howler monkeys
  2 electric eels (Lair:4)
  2 centaur zombies (Ossuary)
  2 bullfrog zombies
  5 jellies
  14 orc priests
  4 human zombies
  7 hounds
  2 bullfrog skeletons
  A centaur skeleton (D:7)
  2 iguanas
  7 worker ants
  13 orc wizards
  A big kobold zombie (Ossuary)
  2 hound skeletons
  3 mummies
  A worker ant zombie (D:5)
  8 adders
  2 shadow imps
  4 white imps
  An ufetubus (D:7)
  An ooze (D:3)
  An adder zombie (D:5)
  An adder skeleton (D:7)
  A worm (D:2)
  2 dart slugs
  4 leopard geckos
  43 orcs
  2 giant cockroaches
  A goblin (D:2)
  A hobgoblin (D:2)
  12 jackals
  9 kobolds
  A quokka (D:2)
  A ball python (D:7)
  3 bats (D:2)
  4 goblin zombies
  13 hobgoblin zombies
  2 jackal skeletons (D:6)
  4 kobold skeletons (D:6)
  10 kobold zombies (Ossuary)
  A leopard gecko skeleton (D:6)
  An orc skeleton (D:6)
  10 orc zombies
  A rat (D:1)
  A rat zombie (Ossuary)
  A bush (Lair:3)
463 creatures vanquished.

Vanquished Creatures (collateral kills)
  A hydra (D:12)
  A centaur zombie (D:12)
  A wraith (D:12)
  An orc warrior (D:12)
  A wight (D:12)
  A bullfrog zombie (D:12)
  An orc (D:12)
7 creatures vanquished.

Vanquished Creatures (others)
  A rat (D:1)
  37 fungi
  65 plants
103 creatures vanquished.

Grand Total: 573 creatures vanquished

Notes
Turn   | Place    | Note
-------+----------+-------------------------------------------
     0 | D:1      | EnegeticOcto the Deep Dwarf Fighter began the quest for the
                  | Orb.
     0 | D:1      | Reached XP level 1. HP: 20/20 MP: 1/1
    82 | D:1      | Reached XP level 2. HP: 25/27 MP: 2/2
   282 | D:3      | Reached skill level 3 in Axes
   308 | D:4      | Reached XP level 3. HP: 33/34 MP: 2/2
   440 | D:4      | Found a sand-covered staircase.
   453 | Ossuary  | Entered an ossuary
   464 | Ossuary  | Reached XP level 4. HP: 32/42 MP: 3/3
   518 | Ossuary  | Reached skill level 4 in Axes
   518 | Ossuary  | Reached XP level 5. HP: 27/49 MP: 4/4
   553 | Ossuary  | Reached XP level 6. HP: 31/57 MP: 5/5
   778 | D:4      | Reached skill level 5 in Axes
   830 | D:4      | Found Acadeuv's Armour Emporium.
  1392 | D:5      | Entered Level 5 of the Dungeon
  1409 | D:5      | Reached XP level 7. HP: 36/64 MP: 6/6
  1634 | D:5      | Noticed Menkaure
  1645 | D:5      | Killed Menkaure
  1645 | D:5      | Reached skill level 6 in Axes
  1645 | D:5      | Reached skill level 5 in Armour
  1645 | D:5      | Reached skill level 5 in Shields
  1704 | D:5      | Found a hide-covered altar of Uskayaw.
  2119 | D:6      | Found a glowing golden altar of the Shining One.
  2203 | D:6      | Reached XP level 8. HP: 37/73 MP: 6/6
  2214 | D:6      | Reached skill level 7 in Axes
  2288 | D:6      | Found a sparkling altar of Nemelex Xobeh.
  2330 | D:6      | Reached skill level 5 in Fighting
  2372 | D:6      | Found an ornate altar of the Wu Jian Council.
  2576 | D:7      | Found an ancient bone altar of Kikubaaqudgha.
  2605 | D:7      | Reached skill level 8 in Axes
  2662 | D:7      | Found a runed translucent door.
  2669 | D:7      | Gained mutation: You passively map the area around you.
                  | [Deep Dwarf growth]
  2669 | D:7      | Reached XP level 9. HP: 67/81 MP: 3/3
  2712 | D:7      | Found a basalt altar of Yredelemnul.
  2931 | D:7      | Reached skill level 9 in Axes
  3075 | D:7      | Found a stormy altar of Qazlal.
  3202 | D:7      | Found a staircase to the Ecumenical Temple.
  3264 | Temple   | Entered the Ecumenical Temple
  3335 | Temple   | Became a worshipper of Makhleb the Destroyer
  3447 | D:4      | Bought a +1 cloak of poison resistance for 162 gold pieces
  4020 | D:8      | Reached * piety under Makhleb
  4191 | D:8      | Reached skill level 1 in Invocations
  4342 | D:8      | Found Bemm's Gadget Shoppe.
  4447 | D:8      | Found a sparkling altar of Nemelex Xobeh.
  4448 | D:8      | Noticed an oklob plant
  4684 | D:8      | Found Doocil's Gadget Emporium.
  4723 | D:8      | Killed an oklob plant
  4723 | D:8      | Reached skill level 10 in Axes
  4934 | D:9      | Reached XP level 10. HP: 82/92 MP: 4/4
  5237 | D:9      | Found a roughly hewn altar of Beogh.
  5421 | D:9      | Found Ocywevaqy's Antique Weapon Shop.
  5430 | D:9      | Bought a glowing war axe for 247 gold pieces
  5480 | D:10     | Entered Level 10 of the Dungeon
  5495 | D:10     | Reached skill level 5 in Invocations
  5503 | D:10     | Found a staircase to the Lair.
  5594 | D:10     | Reached ** piety under Makhleb
  5812 | D:10     | Reached skill level 11 in Axes
  5911 | D:10     | Noticed Josephine
  5920 | D:10     | Killed Josephine
  5920 | D:10     | Reached XP level 11. HP: 100/100 MP: 6/8
  5943 | D:10     | Noticed Urug
  5967 | D:10     | Killed Urug
  6014 | D:10     | Found a staircase to the Orcish Mines.
  6167 | D:11     | Noticed a boulder beetle
  6170 | D:11     | Noticed Maurice
  6184 | D:11     | Killed Maurice
  6195 | D:11     | Killed a boulder beetle
  6226 | D:11     | Reached *** piety under Makhleb
  6613 | D:11     | Reached skill level 12 in Axes
  6777 | D:11     | Noticed a two-headed ogre
  6786 | D:11     | Killed a two-headed ogre
  6869 | D:12     | Noticed an eight-headed hydra
  6885 | D:12     | Killed a 16-headed hydra
  6953 | D:12     | Reached **** piety under Makhleb
  7174 | D:12     | Reached XP level 12. HP: 72/110 MP: 3/3
  7222 | Lair:1   | Entered Level 1 of the Lair of Beasts
  7227 | Lair:1   | Reached skill level 10 in Invocations
  7305 | Lair:1   | Reached skill level 1 in Evocations
  7480 | Lair:2   | Found a staircase to the Snake Pit.
  8045 | Lair:3   | Found a staircase to the Shoals.
  8085 | Lair:3   | Reached skill level 13 in Axes
  8180 | Lair:3   | Noticed Nergalle
  8196 | Lair:3   | Killed Nergalle
  8196 | Lair:3   | Reached skill level 10 in Armour
  8196 | Lair:3   | Reached skill level 10 in Shields
  9128 | Lair:4   | Reached ***** piety under Makhleb
  9358 | Lair:4   | You fall into a shaft and drop 1 floor!
  9496 | Lair:5   | Noticed Snorg
  9507 | Lair:5   | Killed Snorg
  9510 | Lair:5   | Reached XP level 13. HP: 106/120 MP: 5/5
  9589 | Lair:5   | Reached skill level 5 in Evocations
 10748 | D:13     | Reached skill level 14 in Axes
 10759 | D:13     | Noticed Erolcha
 10770 | D:13     | Killed Erolcha
 10879 | D:13     | Found a gate to the Vaults.
 11051 | Snake:1  | Entered Level 1 of the Snake Pit
 11158 | Snake:1  | Gained mutation: You resist negative energy. (rN+) [Deep
                  | Dwarf growth]
 11158 | Snake:1  | Reached XP level 14. HP: 98/129 MP: 2/8
 11160 | Snake:1  | Reached skill level 1 in Dodging
 11209 | Snake:2  | Reached ****** piety under Makhleb
 11241 | Snake:2  | Found a runed translucent door.
 11277 | Snake:2  | HP: 3/129 [shock serpent/bolt of electricity (13)]
 11277 | Snake:2  | Mangled by a shock serpent

Illustrated notes

Levels and vault maps discovered:
D:1:      scummos_arrival_simple_fountains, layout_loops_cross,
          chequers_serial_rivers_micro_c, lemuel_flame_loot_1
D:2:      layout_basic, corner_web_ring
D:3:      layout_rooms
D:4:      layout_loops_corners, nicolae_ossuary_entry_giza, serial_shops, shop
D:5:      layout_loops_ring, overflow_temple_1_default, uniq_menkaure
D:6:      layout_basic, kennysheep_mini_moat, nicolae_tso_besieged_by_evil,
          kennysheep_little_box, chequers_serial_rivers_room_a
D:7:      minmay_recursive_quarters, layout_basic, old_standard_altar,
          grunt_qazlal_sundering, minmay_temple_entry_enclosed_plants,
          minivault_10, dk_yredelemnul_ordeal
D:8:      layout_gridville, serial_shops, shop, shop, lemuel_oklob_altar
D:9:      layout_roguey, serial_shops, nicolae_shop_overgrown_old_shop,
          david_defended_altar_orc
D:10:     layout_rooms, due_lair_maze_entry_diamond, david_orc_4,
          chequers_hall_statues_corner_a, minmay_misc_feat_x, uniq_josephine,
          uniq_urug
D:11:     layout_loops_cross, uniq_maurice
D:12:     layout_basic
D:13:     layout_roguey, lightli_vaults_fourway_checkpoint, serial_shops,
          kennysheep_mini, uniq_erolcha, uniq_sonja
Temple:   compressed_dpeg_circular_temple
Lair:1:   layout_small_grid
Lair:2:   layout_roguey, guppyfry_snake_entry_island, small_statue_intersection
Lair:3:   layout_gridlike, shoals_dummy_entry, lemuel_fruit_fields,
          uniq_nergalle
Lair:4:   layout_cave_pods, serial_bayou, serial_bayou_lake_a,
          serial_bayou_shore_b, serial_bayou_pond_d, serial_bayou_shore_b,
          serial_bayou_shore_b, grunt_megastairs_3, serial_bayou_shore_a
Lair:5:   layout_cave_pods, basic_altar, uniq_snorg
Snake:1:  layout_rooms, grunt_ministairs_5, st_stairs_3, grunt_megastairs_2
Snake:2:  layout_onion, lightli_airlock

Skill      XL: |  1  2  3  4  5  6  7  8  9 10 11 12 13 14 |
---------------+-------------------------------------------+-----
Axes           | 3 4 5 6 8 10 11 12 13 14 | 14.7
Fighting       | 3 4 5 6 7 8 9 |  9.6
Armour         | 4 5 6 7 8 9 10 11 | 11.2
Shields        | 4 5 6 7 8 9 10 11 | 11.2
Invocations    | 3 7 9 11 13 | 13.9
Evocations     | 4 6 7 |  7.3
Dodging        | 2 |  2.0

Action                   |  1- 3 |  4- 6 |  7- 9 | 10-12 | 13-15 || total
-------------------------+-------+-------+-------+-------+-------++-------
Melee: War axe           |    70 |   132 |   381 |   614 |   339 ||  1536
Invok: Lesser Servant of |       |       |       |     1 |       ||     1
 Abil: Heal Wounds       |     4 |     5 |    30 |    18 |     9 ||    66
  Use: Scroll            |       |       |    10 |     8 |    11 ||    29
 Stab: Distracted        |       |       |       |     1 |       ||     1
Armor: Scale mail        |    37 |    53 |    39 |       |       ||   129
       Chain mail        |       |       |    68 |       |       ||    68
       Plate armour      |       |       |    49 |   299 |   209 ||   557
Dodge: Dodged            |    28 |    50 |   105 |   125 |    85 ||   393
Block: Kite shield       |    41 |    79 |   195 |   358 |   255 ||   928

Table legend: (Time is in decaauts)
 A = Elapsed time spent in this place.
 B = Non-inter-level travel time spent in this place.
 C = Inter-level travel time spent in this place.
 D = Time resting spent in this place.
 E = Time spent auto-exploring this place.
 F = Levels seen in this place.
 G = Mean time per level.
                   A        B        C        D        E       F      G
               +--------+--------+--------+--------+--------+-----+--------+
         Total |  11427 |  10396 |   1031 |     53 |   7690 |  22 |  519.4 |
       Dungeon |   7701 |   6934 |    767 |     53 |   4920 |  13 |  592.4 |
        Temple |     82 |     55 |     27 |      0 |     53 |   1 |   82.0 |
          Lair |   3205 |   2974 |    231 |      0 |   2553 |   5 |  641.0 |
     Snake Pit |    203 |    198 |      5 |      0 |     59 |   2 |  101.5 |
       Ossuary |    234 |    234 |      0 |      0 |    104 |   1 |  234.0 |
               +--------+--------+--------+--------+--------+-----+--------+

Top non-repeatable levels by time:
     D:7: 1188 daAuts
  Lair:4: 1142 daAuts
     D:4: 956 daAuts
     D:8: 952 daAuts
  Lair:3: 821 daAuts
    D:10: 748 daAuts
     D:5: 732 daAuts
    D:11: 730 daAuts
  Lair:2: 708 daAuts
     D:9: 612 daAuts
    D:12: 603 daAuts
     D:6: 531 daAuts
  Lair:5: 384 daAuts
    D:13: 320 daAuts
 Ossuary: 234 daAuts
